 Dungeon Crawl Stone Soup version 0.28-a0-664-gc179e30c89 (webtiles) character file.

Game seed: 3098229851914443603

16 mordus the Shield-Bearer (level 2, 0/24 HPs)
             Began as a Formicid Fighter on Oct 15, 2021.
             Slain by Terence (2 damage)
             ... on level 2 of the Dungeon.
             The game lasted 00:01:06 (850 turns).

mordus the Shield-Bearer (Formicid Fighter)          Turns: 850, Time: 00:01:07

Health: 0/24       AC:  8    Str: 20    XL:     2   Next: 70%
Magic:  2/2        EV:  9    Int:  7    God:
Gold:   26         SH:  4    Dex: 10    Spells: 1/1 levels left

rFire   . . .      SeeInvis +   a - +0 flail
rCold   . . .      Faith    .   c - +0 buckler
rNeg    . . .      Spirit   .   b - +0 scale mail
rPois   .          Reflect  .   (helmet unavailable)
rElec   .          Harm     .   (no cloak)
rCorr   .          Rampage  .   g - +0 pair of gloves
Will    .....                   (no boots)
Stlth   ..........              (no amulet)
HPRegen 0.08/turn               (no ring)
MPRegen 0.08/turn               (no ring)

@: no status effects
A: permanent stasis, dig shafts and tunnels, antennae 3, four strong arms
a: Dig, Shaft Self


You were on level 2 of the Dungeon.
You visited 1 branch of the dungeon, and saw 2 of its levels.

You collected 26 gold pieces.

Inventory:

Hand Weapons
 a - a +0 flail (weapon)
Armour
 b - a +0 scale mail (worn)
 c - a +0 buckler (worn)
 g - a +0 pair of gloves (worn)
Jewellery
 i - an amulet of faith
Scrolls
 h - a scroll of identify {unknown}
 k - a scroll of acquirement {unknown}
 l - a scroll of blinking {unknown}
Potions
 d - a potion of might
 e - a potion of resistance {unknown}
 f - a potion of invisibility {unknown}
 j - a potion of flight {unknown}


   Skills:
 - Level 3.2 Fighting
 * Level 2.6 Maces & Flails
 + Level 3.5 Armour
 + Level 3.9 Shields


You had one spell level left.
You didn't know any spells.
Your spell library was empty.

Dungeon Overview and Level Annotations

Branches:
Dungeon (2/15)

Altars:

Annotations:
D:2 Terence


Innate Abilities, Weirdness & Mutations

You cannot be hasted, slowed, berserked, paralysed or teleported.
You can dig through walls and to a lower floor.
You have a pair of large antennae on your head. (SInv)
Your four strong arms can wield two-handed weapons with a shield.


Message History

Terence the Incautious comes into view.
He is wielding a +0 flail.
Terence shouts!
Terence moves out of view.
No target in view!
No target in view!
Terence is nearby!
Terence is nearby!
Terence is nearby!
You hit Terence but do no damage. Terence hits you with a +0 flail.
Terence is nearby!
You barely miss Terence. You block Terence's attack.
Terence is nearby!
You hit Terence but do no damage. Terence hits you with a +0 flail.
Terence is nearby!
You barely miss Terence.
Terence shouts, "ATTACK!!!"
Terence barely misses you. Terence hits you with a +0 flail!
Terence is nearby!
You closely miss Terence. You block Terence's attack.
Terence is nearby!
You sock Terence!
Terence is severely wounded.
Terence hits you with a +0 flail.
You are too injured to fight recklessly!
You closely miss Terence.
Terence is severely wounded.
You block Terence's attack. Terence looks scornfully at you.
Terence hits you but does no damage.
Your scale mail prevents you from hitting Terence.
Terence is severely wounded.
Terence hits you with a +0 flail!
* * * LOW HITPOINT WARNING * * *
You barely miss Terence.
Terence is severely wounded.
Terence hits you but does no damage.
You barely miss Terence.
Terence is severely wounded.
Terence hits you with a +0 flail.
You die...

########################
..........†.............
.<#.................
#@################ #@#
... ..... ###.... {
...... #...... ##......


You could see Terence.

Vanquished Creatures
  A dart slug (D:1)
  A bat (D:2)
  2 endoplasms (D:1)
  2 goblins (D:1)
  2 kobolds (D:1)
  2 frilled lizards
  3 rats (D:1)
13 creatures vanquished.

Notes
Turn   | Place    | Note
-------+----------+-------------------------------------------
     0 | D:1      | mordus the Formicid Fighter began the quest for the Orb.
     0 | D:1      | Reached XP level 1. HP: 18/18 MP: 1/1
   193 | D:1      | Reached XP level 2. HP: 24/24 MP: 2/2
   630 | D:1      | Found a faded altar of an unknown god.
   838 | D:2      | Noticed Terence
   848 | D:2      | HP: 1/24 [Terence (10)]
   850 | D:2      | Slain by Terence

Illustrated notes

Levels and vault maps discovered:
D:1:      sevenhm_arrival_forest_fort_large_4, layout_loops_cross,
          basic_ecumenical_altar
D:2:      layout_basic, amcnicky_mini_pool_small, minmay_diced_spiral,
          uniq_terence, uniq_robin, uniq_natasha

Action                   || total
-------------------------++-------
Melee: Flail             ||    46
Armor: Scale mail        ||    18
Dodge: Dodged            ||    11
Block: Buckler           ||    11

Table legend: (Time is in decaauts)
 A = Elapsed time spent in this place.
 B = Non-inter-level travel time spent in this place.
 C = Inter-level travel time spent in this place.
 D = Time resting spent in this place.
 E = Time spent auto-exploring this place.
 F = Levels seen in this place.
 G = Mean time per level.
                   A        B        C        D        E       F      G
               +--------+--------+--------+--------+--------+-----+--------+
         Total |    862 |    805 |     57 |      0 |    669 |   2 |  431.0 |
       Dungeon |    862 |    805 |     57 |      0 |    669 |   2 |  431.0 |
               +--------+--------+--------+--------+--------+-----+--------+

Top non-repeatable levels by time:
     D:1: 783 daAuts
     D:2: 79 daAuts
